 Dungeon Crawl Stone Soup version 0.31-a0-1206-g41278d8d1d (webtiles) character file.

Game seed: 11745665371511751717

6118 Dirtsage the Mimic (level 10, -10/63 HPs)
             Began as an Octopode Shapeshifter on Dec 13, 2023.
             Was a Priest of the Shining One.
             Mangled by a hornet (14 damage)
             ... on level 9 of the Dungeon.
             The game lasted 00:12:38 (8309 turns).

Dirtsage the Mimic (Octopode Shapeshifter)          Turns: 8309, Time: 00:12:39

Health: -10/63     AC:  6    Str: 14    XL:     10   Next: 89%
Magic:  15/15      EV: 14    Int: 18    God:    the Shining One [***...]
Gold:   484        SH:  8    Dex: 16    Spells: 9/9 levels left

rFire   . .          .
                       - Unarmed
rCold   . . .        (no shield)
rNeg    + . .        x - +1 hat
rPois   .            (no amulet)
rElec   .            n - +4 ring of protection
rCorr   .            a - +6 ring of intelligence
SInv    .            B - ring of flight
Will    +....        E - ring of willpower
Stlth   +            (no ring)
HPRegen 0.30/turn    (no ring)
MPRegen 0.14/turn    (no ring)
                     (no ring)

%: no passive effects
@: lethally poisoned (-10 -> -17), divinely shielded, maw-form, flying, slowed,
glowing, very slow
A: devouring maw, almost no armour, amphibious, 8 rings, camouflage 1,
gelatinous body 1, (nimble swimmer 1), tentacles
a: Begin Untransformation, Renounce Religion, Divine Shield, Cleansing Flame


You were on level 9 of the Dungeon.
You worshipped the Shining One.
The Shining One was most pleased with you.
You were a creature with a mouth for a stomach.
You visited 2 branches of the dungeon, and saw 10 of its levels.

You collected 484 gold pieces.

Inventory:

Armour
 x - a +1 hat (worn)
Jewellery
 a - a +6 ring of intelligence (right tentacle)
 n - a +4 ring of protection (left tentacle)
 B - a ring of flight (on tentacle)
 E - a ring of willpower (on tentacle)
Talismans
 b - a maw talisman (active)
 o - a flux talisman
Wands
 D - a wand of flame (16) (quivered)
Scrolls
 c - a scroll of revelation {unknown}
 d - a scroll of enchant weapon
 h - a scroll of enchant armour
 i - 2 scrolls of blinking {unknown}
 l - a scroll of poison
 s - a scroll of vulnerability
 t - 3 scrolls of teleportation
 v - a scroll of immolation
 w - a scroll of fog {unknown}
 y - a scroll of noise
Potions
 e - a potion of attraction {unknown}
 f - 2 potions of heal wounds {unknown}
 j - a potion of enlightenment {unknown}
 k - 2 potions of degeneration {unknown}
 m - 2 potions of invisibility {unknown}
 q - 2 potions of curing
 r - a potion of haste {unknown}
 u - a potion of ambrosia {unknown}
 z - 3 potions of cancellation
 A - a potion of brilliance {unknown}
 C - 2 potions of berserk rage {unknown}


   Skills:
 + Level 3.6 Fighting
 + Level 4.0 Dodging
 + Level 7.3 Unarmed Combat
 + Level 7.0 Invocations
 * Level 11.5 Shapeshifting


You had 9 spell levels left.
You didn't know any spells.
Your spell library contained the following spells:

 Spells                   Type           Power      Damage    Failure   Level
 Malign Gateway           Summ/Tloc      0%         N/A       100%        7
 Summon Horrible Things   Summ           0%         N/A       100%        8


Dungeon Overview and Level Annotations

Branches:
Dungeon (9/15)             Temple (1/1) D:4            Lair (0/5) D:8
    Orc: D:9-12

Altars:
Ashenzari
Cheibriados
Dithmenos
Elyvilon
Fedhas
Gozag
Hepliaklqana
Kikubaaqudgha
Makhleb
Nemelex Xobeh
Okawaru
Qazlal
Ru
Trog
Uskayaw
Vehumet
Wu Jian
Xom
Yredelemnul
Zin
The Shining One


Innate Abilities, Weirdness & Mutations

You are a creature with a mouth for a stomach.
Your midsection houses a second, enormous mouth.
You cannot wear most types of armour.
You are amphibious.
You can wear up to eight rings at the same time.
Your skin changes colour to match your surroundings (Stealth+).
Your rubbery body absorbs attacks. (AC +1, EV +1)
((You are camouflaged when in or above water. (Stealth+)))
You have tentacles for arms and can constrict up to eight enemies at once.


Message History

You feel yourself speed up.
MP restored: 15
Aiming: Throw Flame
Press: ? - help, Shift-Dir - straight line, f - hornet
Aim: a hornet (haloed, 69% to hit)
The puff of flame misses the hornet.
Throw: throwing net
Press: ? - help, Shift-Dir - straight line, f/p - hornet
Aim: a hornet (haloed, 61% to hit)
You throw a throwing net.
The throwing net closely misses the hornet.
The hornet stings you!
* * * LOW HITPOINT WARNING * * *
You are lethally poisoned!
You feel yourself slow down.
You take 15 damage, and have 3/63 hp.
MASSIVE DAMAGE!!
You feel better. The hornet stings you!
* * * LOW HITPOINT WARNING * * *
You feel as though you will be slow longer.
The hornet barely misses you.
Okay, then.
It was a potion of cancellation.
Your magical effects are unravelling.
You feel magically purged.
You feel yourself speed up. The hornet closely misses you.
The hornet stings you but does no damage.
You feel better. The hornet stings you.
* * * LOW HITPOINT WARNING * * *
You are lethally poisoned!
You feel yourself slow down. You block the hornet's attack.
You regained 4 hp, and now have 7/63 hp.
You tentacle-slap the hornet but do no damage.
You grab the hornet. You bite the hornet!
The hornet is moderately wounded.
You constrict the hornet, but do no damage.
* * * LOW HITPOINT WARNING * * *
You feel very sick. You block the hornet's attack. The hornet stings you!
You die...

########################
.......................#
#.....................#
#................>....#
#.....................#
#.....................#
#.......W.............#
#......y..............#
#.....................#
#######.....................#
..........O............)...>###
.).............................
#######........................
#(.##############<..##### ..#
#..# #...#


You could see a two-headed ogre and a hornet.

Vanquished Creatures
  A two-headed ogre (D:9)
  A rime drake (D:8)
  A troll (D:9)
  A polar bear (D:8)
  2 hornets
  Grinder (D:5)
  Eustachio (D:4)
  5 yaks (D:7)
  A wyvern (D:8)
  A water moccasin (D:7)
  7 ice beasts (D:8)
  2 orc warriors
  A sky beast (D:7)
  2 ogres
  A centaur (D:7)
  A wolf (D:8)
  Blork the orc (D:4)
  3 bullfrogs
  6 scorpions
  A gnoll sergeant (D:7)
  9 wights
  A howler monkey (D:7)
  A jelly (D:6)
  3 orc priests (D:8)
  A hound (D:5)
  3 iguanas
  A sleepcap (D:6)
  7 orc wizards
  5 gnolls
  6 adders
  3 shadow imps (D:7)
  9 white imps
  4 ufetubi
  3 worms
  A dart slug (D:1)
  15 orcs
  11 ball pythons
  9 endoplasms
  A giant cockroach (D:4)
  9 goblins
  4 hobgoblins
  5 jackals
  5 quokkas
  2 bats (D:3)
  2 frilled lizards (D:1)
  11 kobolds
  3 rats
174 creatures vanquished.

Vanquished Creatures (others)
  An orc wizard (D:5)
1 creature vanquished.

Grand Total: 175 creatures vanquished

Notes
Turn   | Place    | Note
-------+----------+-------------------------------------------
     0 | D:1      | Dirtsage the Octopode Shapeshifter began the quest for the
                  | Orb.
     0 | D:1      | Reached XP level 1. HP: 13/13 MP: 1/1
   100 | D:1      | Reached XP level 2. HP: 13/18 MP: 2/2
   470 | D:1      | Reached XP level 3. HP: 23/23 MP: 3/3
  1061 | D:2      | Identified the +4 dagger "Loxatimo" {pain, rElec}
  1197 | D:2      | Reached skill level 4 in Shapeshifting
  1216 | D:2      | Reached XP level 4. HP: 21/28 MP: 4/4
  1268 | D:2      | Identified the +8 dagger "Kyos" {drain, rElec}
  2269 | D:3      | Found a faded altar of an unknown god.
  2630 | D:4      | Noticed a scorpion
  2639 | D:4      | Killed a scorpion
  2640 | D:4      | Reached XP level 5. HP: 33/33 MP: 5/5
  2709 | D:4      | Found a glowing golden altar of the Shining One.
  2715 | D:4      | Became a worshipper of the Shining One
  2724 | D:4      | Reached skill level 5 in Shapeshifting
  2724 | D:4      | Reached XP level 6. HP: 32/38 MP: 6/6
  2935 | D:4      | Noticed Blork the orc
  2941 | D:4      | Killed Blork the orc
  3178 | D:4      | Found a staircase to the Ecumenical Temple.
  3185 | Temple   | Entered the Ecumenical Temple
  3337 | D:4      | Noticed Eustachio
  3344 | D:4      | Killed Eustachio
  3345 | D:4      | Reached skill level 5 in Unarmed Combat
  3345 | D:4      | Reached skill level 6 in Shapeshifting
  3345 | D:4      | Reached XP level 7. HP: 35/43 MP: 7/7
  3487 | D:5      | Entered Level 5 of the Dungeon
  3490 | D:5      | Noticed Grinder
  3527 | D:5      | Paralysed by Grinder for 3 turns
  3536 | D:5      | Paralysed by Grinder for 3 turns
  3660 | D:5      | Paralysed by Grinder for 5 turns
  3669 | D:5      | Killed Grinder
  3895 | D:5      | Found a hide-covered altar of Uskayaw.
  3900 | D:5      | Noticed a +0 dagger
  3901 | D:5      | Noticed a +0 dagger
  3923 | D:5      | Reached skill level 7 in Shapeshifting
  3923 | D:5      | Reached XP level 8. HP: 28/48 MP: 8/8
  4307 | D:5      | Found a burning altar of Makhleb.
  4507 | D:6      | Found a shimmering altar of Xom.
  4702 | D:6      | Reached * piety under the Shining One
  4893 | D:6      | Reached skill level 8 in Shapeshifting
  5047 | D:6      | Found a stormy altar of Qazlal.
  5060 | D:6      | You fall into a shaft and drop 2 floors!
  5087 | D:8      | Noticed a hornet
  5099 | D:8      | Killed a hornet
  5212 | D:8      | Noticed a wyvern
  5444 | D:7      | Reached XP level 9. HP: 26/53 MP: 11/11
  5742 | D:7      | Reached skill level 9 in Shapeshifting
  5826 | D:7      | Found a sparkling altar of Nemelex Xobeh.
  5870 | D:7      | Found an ornate altar of the Wu Jian Council.
  6522 | D:7      | Reached ** piety under the Shining One
  6996 | D:7      | Reached skill level 5 in Invocations
  6996 | D:7      | Reached skill level 10 in Shapeshifting
  7281 | D:7      | Reached XP level 10. HP: 58/58 MP: 14/14
  7773 | D:8      | Found a staircase to the Lair.
  7799 | D:8      | Reached skill level 11 in Shapeshifting
  7830 | D:8      | Reached *** piety under the Shining One
  8166 | D:9      | Noticed a two-headed ogre
  8179 | D:9      | Killed a two-headed ogre
  8271 | D:9      | Found an iron altar of Okawaru.
  8273 | D:9      | Noticed a two-headed ogre
  8282 | D:9      | Paralysed by a hornet for 2 turns
  8284 | D:9      | HP: 1/63 [poisoned by a hornet]
  8305 | D:9      | HP: 3/63 [hornet (15)]
  8309 | D:9      | Mangled by a hornet

Illustrated notes

Levels and vault maps discovered:
D:1:      psy_arrival_dodecagon, layout_basic, feat_on_display
D:2:      layout_loops_ring, corexii_corridor_pit
D:3:      layout_basic, chequers_ecumenical_altar_island
D:4:      layout_loops_corners, mainiacjoe_overflow_tiny_flanked,
          minmay_temple_entry_gardened_gates, uniq_blork_the_orc, uniq_eustachio
D:5:      layout_basic, mainiacjoe_overflow_cross_hatched,
          dancing_weapons_uskayaw, uniq_grinder
D:6:      layout_loops_corners, mainiacjoe_overflow_catwalk, grunt_qazlal_clouds
D:7:      layout_basic, mainiacjoe_overflow_alcove_4, nemelex_dance_club_becter,
          serial_demonic, serial_demonic_b, serial_demonic_e, serial_demonic_d,
          serial_demonic_d
D:8:      layout_rooms, hellmonk_lair_entry_icy
D:9:      layout_long_grid, tgw_sif, okawaru_ov_weapons_minmay, orc_0_dummy,
          gammafunk_ghost_cemetery, kennysheep_generic_room_7, uniq_pikel
Temple:   hellmonk_temple_forest_ring

Skill      XL: |  1  2  3  4  5  6  7  8  9 10 |
---------------+-------------------------------+-----
Shapeshifting  | 4 5 6 7 8 10 11 | 11.5
Unarmed Combat | 4 5 6 7 |  7.3
Invocations    | 2 5 7 |  7.0
Fighting       | 3 |  3.6
Dodging        | 4 |  4.0

Action                     |  1- 3 |  4- 6 |  7- 9 | 10-12 || total
---------------------------+-------+-------+-------+-------++-------
  Melee: Unarmed           |    53 |    85 |   233 |   106 ||   477
         Constrict         |    15 |    20 |    57 |    16 ||   108
         Tentacles         |     6 |    16 |    52 |    38 ||   112
         Punch             |     2 |     1 |     2 |     6 ||    11
         Maw               |       |       |    12 |    64 ||    76
  Throw: Throwing net      |       |       |       |     2 ||     2
 Invoke: Divine Shield     |       |       |       |     1 ||     1
  Evoke: Wand              |       |       |       |     6 ||     6
    Use: Scroll            |       |     1 |     6 |     2 ||     9
         Potion            |       |     1 |     2 |     4 ||     7
   Stab: Sleeping          |     5 |     8 |       |       ||    13
 Armour: Skin              |    21 |    39 |   113 |    59 ||   232
  Dodge: Dodged            |    21 |    29 |   113 |    62 ||   225
  Block: Other             |       |       |       |     3 ||     3
   Form: Flux              |       |       |     1 |       ||     1
         Maw               |       |       |     1 |       ||     1

Table legend: (Time is in decaauts)
 A = Elapsed time spent in this place.
 B = Non-inter-level travel time spent in this place.
 C = Inter-level travel time spent in this place.
 D = Time resting spent in this place.
 E = Time spent auto-exploring this place.
 F = Levels seen in this place.
 G = Mean time per level.
                   A        B        C        D        E       F      G
               +--------+--------+--------+--------+--------+-----+--------+
         Total |   8260 |   7911 |    349 |    539 |   6060 |  10 |  826.0 |
       Dungeon |   8258 |   7909 |    349 |    539 |   6060 |   9 |  917.6 |
        Temple |      1 |      1 |      0 |      0 |      0 |   1 |    1.0 |
               +--------+--------+--------+--------+--------+-----+--------+

Top non-repeatable levels by time:
     D:7: 1619 daAuts
     D:6: 1194 daAuts
     D:4: 1111 daAuts
     D:1: 1039 daAuts
     D:5: 877 daAuts
     D:3: 848 daAuts
     D:8: 816 daAuts
     D:2: 592 daAuts
     D:9: 158 daAuts
  Temple: 1 daAuts
